 Dungeon Crawl Stone Soup version 0.31-a0-538-gbc85326fa9 (webtiles) character file.

Game seed: 3972456869226122791

126 Crownlay the Slasher (level 4, -1/33 HPs)
             Began as a Demonspawn Gladiator on Aug 13, 2023.
             Slain by Pikel
             ... wielding a +2 whip of flaming
              (10 damage)
             ... on level 3 of the Dungeon.
             The game lasted 00:04:01 (2657 turns).

Crownlay the Slasher (Demonspawn Gladiator)         Turns: 2657, Time: 00:04:02

Health: -1/33      AC:  7    Str: 14    XL:     4   Next: 83%
Magic:  0/4        EV: 12    Int: 11    God:
Gold:   98         SH:  0    Dex: 15    Spells: 3/3 levels left

rFire   . . .        a - +0 long sword
rCold   . . .        (no shield)
rNeg    . . .        b - +0 leather armour
rPois   .            c - +0 helmet
rElec   .            i - +0 cloak
rCorr   .            (no gloves)
SInv    .            (no boots)
Will    .....        l - amulet of guardian spirit
Stlth   +            (no ring)
HPRegen 0.25/turn    (no ring)
MPRegen 0.09/turn

%: guardian spirit
@: no status effects
A: molten scales 1, powered by pain 1
a: no special abilities


You were on level 3 of the Dungeon.
You visited 1 branch of the dungeon, and saw 4 of its levels.

You collected 98 gold pieces.

Inventory:

Hand Weapons
 a - a +0 long sword (weapon)
Missiles
 d - 3 throwing nets (quivered)
 e - a javelin
Armour
 b - a +0 leather armour (worn)
 c - a +0 helmet (worn)
 i - a +0 cloak (worn)
Jewellery
 l - an amulet of guardian spirit (around neck)
 o - an amulet of faith
Scrolls
 f - a scroll of poison
 h - a scroll of enchant weapon
 j - a scroll of brand weapon
 m - a scroll of enchant armour
 q - 2 scrolls of teleportation
Potions
 g - a potion of enlightenment {unknown}
 k - a potion of haste {unknown}
 n - a potion of brilliance {unknown}
 p - a potion of berserk rage {unknown}
 s - a potion of curing {unknown}
 t - a potion of invisibility {unknown}
 u - a potion of attraction {unknown}


   Skills:
 + Level 2.0 Fighting
 + Level 5.1 Long Blades
 - Level 1.7 Throwing
 - Level 2.6 Dodging


You had 3 spell levels left.
You didn't know any spells.
Your spell library was empty.

Dungeon Overview and Level Annotations

Branches:
Dungeon (4/15)
 Temple: D:4-7

Altars:

Annotations:
D:3 2 transporters, Pikel


Innate Abilities, Weirdness & Mutations

You are partially covered in molten scales. (AC +2)
You sometimes gain a little power by taking damage.


Message History

q - 2 scrolls of teleportation
Okay, then.
Partly explored, unvisited transporter.
Partly explored, unvisited transporter.
Partly explored, unvisited transporter.
Okay, then.
Your library has no spells.
Unknown command.
Partly explored, unvisited transporter.
Partly explored, unvisited transporter.
The shadow imp shouts!
You hear a shout!
The shadow imp shouts, "Quit, thou peaked bat-fowling baggage!"
The shadow imp grinds its teeth.
There is a transporter here.
The orc priest shouts!
There is a stone staircase leading down here.
You climb downwards.
The lemure shouts! x2; Pikel shouts!
There is a stone staircase leading up here.
There are monsters nearby!
There are monsters nearby!
Pikel says, "It's all about the gold, really."
Pikel hits you with a +2 whip of flaming.
Pikel burns you. The lemure hits you.
You climb upwards.
Level annotation: 2 transporters
There is a stone staircase leading down here.
You hit Pikel but do no damage.
Pikel hits you with a +2 whip of flaming.
Pikel burns you. The lemure completely misses you.
Pikel attacks as you move away!
Pikel hits you with a +2 whip of flaming.
Pikel burns you. The lemure hits you but does no damage.
Pikel attacks as you move away!
Pikel hits you with a +2 whip of flaming.
Pikel burns you.
* * * LOW HITPOINT WARNING * * *
You barely miss Pikel.
Pikel hits you with a +2 whip of flaming!
You die...

#.......#.#.....###............##
#.......#†#.....# ###.#...#.##.##
#.......#......## #.#...#.##...
#######.......## #.......#####
##########.## #.#...#.# #
#.......##.# #.......# #
#.#####.##.########.##.#..# #
#....##.#.....)##.........#####
###..#.......###@##.#.###......##
....[####.#.####K##.#.......##.##
###...)...#.##.>5......##..#.....
#########.##.#.##.##.......#.##
#.#.......####.........
#......#........#####.#
###...##.#####.## #.# #....#.#
#.# #.# #....#.# ###.### #.#


You could see Pikel and a lemure.

Vanquished Creatures
  6 adders
  2 dart slugs
  8 ball pythons
  3 bats
  5 endoplasms
  2 giant cockroaches
  5 hobgoblins
  11 jackals
  4 kobolds
  5 quokkas
  4 frilled lizards
  3 goblins
  3 rats
61 creatures vanquished.

Notes
Turn   | Place    | Note
-------+----------+-------------------------------------------
     0 | D:1      | Crownlay the Demonspawn Gladiator began the quest for the
                  | Orb.
     0 | D:1      | Reached XP level 1. HP: 16/16 MP: 1/1
    56 | D:1      | Reached skill level 3 in Long Blades
   149 | D:1      | Gained mutation: You are partially covered in molten
                  | scales. (AC +2) [demonic ancestry]
   149 | D:1      | Reached XP level 2. HP: 11/22 MP: 2/2
   765 | D:1      | Reached XP level 3. HP: 27/27 MP: 3/3
   939 | D:2      | Reached skill level 4 in Long Blades
  1779 | D:2      | Gained mutation: You sometimes gain a little power by
                  | taking damage. [demonic ancestry]
  1779 | D:2      | Reached XP level 4. HP: 33/33 MP: 4/4
  1937 | D:3      | Found a transporter.
  1951 | D:3      | Found a faded altar of an unknown god.
  2057 | D:3      | Found a transporter.
  2189 | D:3      | Reached skill level 5 in Long Blades
  2651 | D:4      | Noticed Pikel
  2651 | D:4      | Noticed a lemure
  2651 | D:4      | Noticed a lemure
  2651 | D:4      | Noticed a lemure
  2651 | D:4      | Noticed a lemure
  2657 | D:3      | Slain by Pikel

Illustrated notes

Levels and vault maps discovered:
D:1:      onia_arrival_mini_maze_b, layout_basic
D:2:      layout_loops_ring, nicolae_the_louvre
D:3:      gammafunk_wand_slinger, layout_loops_cross,
          hellmonk_ecumenical_altar_leap_of_faith
D:4:      layout_loops_cross, uniq_pikel, uniq_blork_the_orc

Skill      XL: |  1  2  3  4 |
---------------+-------------+-----
Long Blades    | 3 4 5 |  5.1
Fighting       | |  2.0
Throwing       | |  1.7
Dodging        | |  2.6

Action                     |  1- 3 |  4- 6 || total
---------------------------+-------+-------++-------
  Melee: Long sword        |   139 |    77 ||   216
         Punch             |     1 |       ||     1
    Use: Scroll            |       |     5 ||     5
   Stab: Sleeping          |     3 |       ||     3
 Armour: Leather armour    |    65 |    40 ||   105
  Dodge: Dodged            |   123 |    59 ||   182

Table legend: (Time is in decaauts)
 A = Elapsed time spent in this place.
 B = Non-inter-level travel time spent in this place.
 C = Inter-level travel time spent in this place.
 D = Time resting spent in this place.
 E = Time spent auto-exploring this place.
 F = Levels seen in this place.
 G = Mean time per level.
                   A        B        C        D        E       F      G
               +--------+--------+--------+--------+--------+-----+--------+
         Total |   2697 |   2599 |     98 |      0 |   2105 |   4 |  674.2 |
       Dungeon |   2697 |   2599 |     98 |      0 |   2105 |   4 |  674.2 |
               +--------+--------+--------+--------+--------+-----+--------+

Top non-repeatable levels by time:
     D:1: 929 daAuts
     D:2: 913 daAuts
     D:3: 852 daAuts
     D:4: 1 daAuts
